[ AOE2 MATCH · #472690849 ]
UnrankedHindustanis vs Britons
[ REPLAY ANALYSIS · EXTRACTED FROM THE RECORDED GAME ]
Feudal
10:06
Castle
13:46
Imperial
29:17
| APM avg | 80.6 |
| APM peak | 155 |
| eAPM avg | 44.0 |
| Villagers / military | 125 / 66 |
Focus
⚔️ 44.9% · 🌾 55.1%
Ghulam ×52 · Armored Elephant ×6 · Monk ×5 · Mangonel ×3
Feudal
10:31
Castle
14:47
Imperial
28:22
| APM avg | 75.5 |
| APM peak | 149 |
| eAPM avg | 42.0 |
| Villagers / military | 101 / 64 |
Focus
⚔️ 63.4% · 🌾 36.6%
Longbowman ×61 · Mangonel ×3
Feudal
10:54
Castle
14:24
Imperial
—
| APM avg | 58.4 |
| APM peak | 146 |
| eAPM avg | 33.8 |
| Villagers / military | 107 / 48 |
Focus
⚔️ 50.5% · 🌾 49.5%
Fire Lancer ×37 · Iron Pagoda ×9 · Spearman ×1 · Battering Ram ×1
Feudal
10:49
Castle
14:02
Imperial
29:17
| APM avg | 49.7 |
| APM peak | 76 |
| eAPM avg | 21.7 |
| Villagers / military | 135 / 25 |
Focus
⚔️ 18.9% · 🌾 81.1%
Knight ×14 · Scout Cavalry ×3 · Petard ×2 · Mangonel ×2 · Spearman ×2 · War Elephant ×2
Match map
Initial resources + every placement click. Lines = walls · curves = elevation contours. ◆ gold · ⬟ stone · ● berries · ✦ relic · ◌ wall gap
Your base
jcdanzig's base
PUB | Noszombie's base
Ryuutaku's base
Smoothed initial terrain · ◌ = detected wall gap · hover for details
Inputs per minute
— 桐月 - - jcdanzig
Build order — 桐月
First 150 of 339 actions detected
| 0:01 | Queue | Villager (Male) |
| 0:02 | Build | House |
| 0:02 | Build | House |
| 0:06 | Queue | Villager (Male) ×3 |
| 1:05 | Queue | Villager (Male) |
| 1:05 | Queue | Villager (Male) |
| 1:28 | Queue | Villager (Male) |
| 1:52 | Build | Lumber Camp |
| 1:58 | Queue | Villager (Male) |
| 2:13 | Queue | Villager (Male) |
| 2:14 | Queue | Villager (Male) |
| 2:46 | Queue | Villager (Male) |
| 2:46 | Queue | Villager (Male) |
| 3:01 | Queue | Villager (Male) |
| 3:24 | Build | House |
| 3:25 | Build | House |
| 3:30 | Queue | Villager (Male) |
| 3:38 | Queue | Villager (Male) |
| 3:39 | Queue | Villager (Male) |
| 4:14 | Build | Mill |
| 4:28 | Queue | Villager (Male) |
| 4:34 | Queue | Villager (Male) |
| 4:47 | Build | House |
| 4:59 | Build | Palisade Wall |
| 5:00 | Build | Palisade Wall |
| 5:02 | Queue | Villager (Male) |
| 5:02 | Queue | Villager (Male) |
| 5:18 | Build | Building 800 |
| 5:21 | Queue | Villager (Male) |
| 5:22 | Queue | Villager (Male) |
| 5:22 | Queue | Villager (Male) |
| 5:44 | Queue | Villager (Male) |
| 5:53 | Queue | Villager (Male) |
| 7:17 | Queue | Villager (Male) |
| 7:41 | Build | Mining Camp |
| 7:53 | Research | Feudal Age |
| 10:06 | Age | Feudal Age |
| 10:07 | Queue | Villager (Male) |
| 10:07 | Queue | Villager (Male) |
| 10:11 | Build | Market |
| 10:19 | Build | Blacksmith |
| 10:41 | Research | Double-Bit Axe |
| 11:06 | Research | Castle Age |
| 11:32 | Research | Horse Collar |
| 11:41 | Build | Farm |
| 11:57 | Build | Farm |
| 12:02 | Build | Farm |
| 12:04 | Build | Farm |
| 12:07 | Build | Farm |
| 12:14 | Build | Farm |
| 12:29 | Build | Farm |
| 13:46 | Age | Castle Age |
| 13:46 | Queue | Villager (Male) |
| 13:49 | Build | Town Center |
| 13:53 | Build | Monastery |
| 13:58 | Queue | Villager (Male) |
| 14:21 | Queue | Villager (Male) |
| 14:41 | Build | House |
| 14:42 | Build | House |
| 14:59 | Queue | Villager (Male) |
| 15:02 | Build | Town Center |
| 15:14 | Queue | Monk |
| 15:14 | Queue | Monk |
| 15:16 | Queue | Villager (Male) |
| 15:28 | Queue | Villager (Male) |
| 15:29 | Queue | Villager (Male) |
| 15:29 | Queue | Villager (Male) |
| 15:35 | Queue | Villager (Male) |
| 15:59 | Queue | Villager (Male) |
| 16:05 | Build | Farm |
| 16:07 | Build | Farm |
| 16:08 | Build | Farm |
| 16:09 | Build | Farm |
| 16:10 | Queue | Villager (Male) |
| 16:11 | Queue | Villager (Male) |
| 16:14 | Queue | Villager (Male) |
| 16:14 | Queue | Villager (Male) |
| 16:23 | Queue | Villager (Male) |
| 16:30 | Queue | Villager (Male) |
| 16:34 | Queue | Villager (Male) |
| 16:36 | Build | Farm |
| 16:38 | Build | Farm |
| 16:42 | Build | House |
| 16:43 | Build | House |
| 16:43 | Build | House |
| 16:51 | Queue | Villager (Male) |
| 16:51 | Queue | Villager (Male) |
| 17:07 | Queue | Villager (Male) |
| 17:11 | Build | Farm |
| 17:12 | Build | Farm |
| 17:22 | Queue | Villager (Male) |
| 17:27 | Build | House |
| 17:28 | Build | House |
| 17:28 | Build | House |
| 17:33 | Build | House |
| 17:33 | Build | House |
| 17:37 | Queue | Villager (Male) |
| 17:37 | Queue | Villager (Male) |
| 17:47 | Build | Mining Camp |
| 17:56 | Queue | Villager (Male) |
| 17:58 | Queue | Villager (Male) |
| 18:02 | Queue | Monk |
| 18:03 | Queue | Villager (Male) |
| 18:26 | Research | Loom |
| 18:28 | Queue | Villager (Male) |
| 18:28 | Queue | Villager (Male) |
| 18:29 | Research | Stone Mining |
| 18:29 | Research | Stone Mining |
| 18:35 | Queue | Villager (Male) |
| 18:37 | Build | House |
| 18:41 | Queue | Villager (Male) |
| 18:46 | Queue | Villager (Male) |
| 18:51 | Queue | Villager (Male) |
| 19:04 | Queue | Villager (Male) |
| 19:05 | Queue | Monk |
| 19:14 | Queue | Villager (Male) |
| 19:14 | Queue | Villager (Male) |
| 19:26 | Queue | Villager (Male) |
| 19:28 | Queue | Villager (Male) |
| 19:34 | Queue | Villager (Male) |
| 19:36 | Build | Farm |
| 19:37 | Build | Farm |
| 19:38 | Build | Farm |
| 19:38 | Build | Farm |
| 19:40 | Build | Farm |
| 19:41 | Queue | Villager (Male) |
| 19:46 | Queue | Villager (Male) |
| 19:56 | Queue | Villager (Male) |
| 20:06 | Queue | Villager (Male) |
| 20:14 | Queue | Villager (Male) |
| 20:24 | Build | Castle |
| 20:30 | Research | Wheelbarrow |
| 20:30 | Research | Wheelbarrow |
| 20:30 | Research | Bow Saw |
| 20:33 | Research | Heavy Plow |
| 20:33 | Research | Heavy Plow |
| 20:42 | Queue | Villager (Male) |
| 20:47 | Queue | Villager (Male) |
| 20:51 | Queue | Villager (Male) |
| 20:55 | Queue | Villager (Male) |
| 21:01 | Queue | Villager (Male) |
| 21:06 | Queue | Villager (Male) |
| 21:11 | Build | Lumber Camp |
| 21:12 | Queue | Villager (Male) |
| 21:12 | Queue | Villager (Male) |
| 21:16 | Queue | Ghulam |
| 21:36 | Queue | Villager (Male) |
| 21:36 | Queue | Ghulam |
| 21:37 | Queue | Ghulam |
| 21:37 | Queue | Ghulam |
Build order — jcdanzig
First 150 of 240 actions detected
| 0:00 | Queue | Villager (Male) |
| 0:01 | Queue | Villager (Male) |
| 0:02 | Build | House |
| 0:02 | Build | House |
| 0:04 | Queue | Villager (Male) |
| 0:05 | Queue | Villager (Male) |
| 1:19 | Queue | Villager (Male) |
| 1:19 | Queue | Villager (Male) |
| 1:51 | Build | Lumber Camp |
| 1:59 | Queue | Villager (Male) |
| 2:00 | Queue | Villager (Male) |
| 2:21 | Queue | Villager (Male) |
| 2:21 | Queue | Villager (Male) |
| 2:44 | Queue | Villager (Male) |
| 2:44 | Queue | Villager (Male) |
| 2:56 | Queue | Villager (Male) |
| 3:09 | Build | House |
| 3:11 | Build | House |
| 3:29 | Queue | Villager (Male) |
| 3:30 | Queue | Villager (Male) |
| 4:08 | Queue | Villager (Male) |
| 4:17 | Build | Palisade Wall |
| 4:31 | Queue | Villager (Male) |
| 4:32 | Queue | Villager (Male) |
| 4:32 | Queue | Villager (Male) |
| 4:44 | Build | Building 804 |
| 4:48 | Build | Palisade Wall |
| 5:10 | Build | Mill |
| 5:48 | Queue | Villager (Male) |
| 5:48 | Queue | Villager (Male) |
| 5:48 | Queue | Villager (Male) |
| 6:07 | Queue | Villager (Male) |
| 6:08 | Queue | Villager (Male) |
| 6:08 | Queue | Villager (Male) |
| 6:27 | Queue | Villager (Male) |
| 6:28 | Queue | Villager (Male) |
| 6:42 | Queue | Villager (Male) |
| 6:42 | Queue | Villager (Male) |
| 6:52 | Queue | Villager (Male) |
| 6:53 | Queue | Villager (Male) |
| 7:10 | Build | Mining Camp |
| 8:04 | Build | Mining Camp |
| 8:10 | Research | Feudal Age |
| 8:31 | Build | House |
| 10:31 | Age | Feudal Age |
| 10:33 | Build | Market |
| 10:37 | Build | Blacksmith |
| 10:56 | Queue | Villager (Male) |
| 12:07 | Research | Castle Age |
| 12:07 | Research | Castle Age |
| 12:07 | Research | Castle Age |
| 12:57 | Research | Double-Bit Axe |
| 12:57 | Research | Double-Bit Axe |
| 13:17 | Research | Loom |
| 13:25 | Research | Gold Mining |
| 13:28 | Research | Horse Collar |
| 13:58 | Queue | Villager (Male) |
| 14:36 | Build | Farm |
| 14:37 | Build | Farm |
| 14:37 | Build | Farm |
| 14:41 | Build | House |
| 14:47 | Age | Castle Age |
| 14:58 | Queue | Villager (Male) |
| 15:02 | Queue | Villager (Male) |
| 15:17 | Research | Fletching |
| 15:23 | Build | Castle |
| 15:36 | Build | House |
| 15:38 | Build | House |
| 15:43 | Build | Stone Wall |
| 15:44 | Build | Stone Wall |
| 15:46 | Build | Stone Wall |
| 15:48 | Build | Stone Wall |
| 15:51 | Queue | Villager (Male) |
| 15:53 | Build | Farm |
| 15:54 | Queue | Villager (Male) |
| 16:06 | Build | Farm |
| 16:08 | Build | Farm |
| 16:27 | Build | Farm |
| 16:28 | Queue | Villager (Male) |
| 16:45 | Queue | Longbowman |
| 16:45 | Queue | Longbowman |
| 16:58 | Queue | Longbowman |
| 17:00 | Queue | Villager (Male) |
| 17:01 | Queue | Villager (Male) |
| 17:01 | Queue | Villager (Male) |
| 17:05 | Build | House |
| 17:08 | Queue | Longbowman |
| 17:15 | Queue | Villager (Male) |
| 17:15 | Queue | Villager (Male) |
| 17:18 | Build | Stone Wall |
| 17:27 | Queue | Longbowman |
| 17:27 | Queue | Longbowman |
| 17:35 | Queue | Longbowman |
| 17:49 | Queue | Longbowman |
| 17:51 | Queue | Villager (Male) |
| 17:58 | Queue | Longbowman |
| 18:00 | Queue | Villager (Male) |
| 18:02 | Build | Farm |
| 18:03 | Build | Farm |
| 18:12 | Queue | Villager (Male) |
| 18:13 | Queue | Villager (Male) |
| 18:32 | Queue | Longbowman |
| 18:34 | Queue | Villager (Male) |
| 18:42 | Queue | Longbowman |
| 18:42 | Queue | Longbowman |
| 18:42 | Queue | Longbowman |
| 18:51 | Queue | Villager (Male) |
| 18:54 | Build | Mining Camp |
| 19:01 | Build | Palisade Wall |
| 19:17 | Build | Outpost |
| 19:25 | Queue | Longbowman |
| 19:26 | Queue | Longbowman |
| 19:31 | Queue | Villager (Male) |
| 19:31 | Queue | Villager (Male) |
| 19:31 | Queue | Villager (Male) |
| 19:31 | Queue | Villager (Male) |
| 19:32 | Queue | Villager (Male) |
| 19:32 | Queue | Villager (Male) |
| 19:56 | Queue | Longbowman |
| 19:56 | Queue | Longbowman |
| 19:58 | Queue | Villager (Male) |
| 19:59 | Queue | Villager (Male) |
| 19:59 | Queue | Villager (Male) |
| 20:17 | Queue | Longbowman |
| 20:17 | Queue | Longbowman |
| 20:17 | Queue | Longbowman |
| 20:20 | Build | House |
| 20:20 | Queue | Villager (Male) |
| 20:55 | Queue | Longbowman |
| 20:56 | Queue | Villager (Male) |
| 20:56 | Queue | Villager (Male) |
| 20:56 | Queue | Villager (Male) |
| 21:13 | Build | Stone Wall |
| 21:14 | Build | Stone Wall |
| 21:19 | Build | Stone Wall |
| 21:21 | Queue | Longbowman |
| 21:23 | Build | Farm |
| 21:23 | Queue | Villager (Male) |
| 21:23 | Queue | Villager (Male) |
| 21:33 | Queue | Villager (Male) |
| 21:34 | Queue | Villager (Male) |
| 21:54 | Queue | Villager (Male) |
| 21:56 | Queue | Longbowman |
| 21:56 | Queue | Longbowman |
| 21:56 | Queue | Longbowman |
| 21:57 | Queue | Longbowman |
| 22:23 | Queue | Villager (Male) |
| 22:24 | Queue | Villager (Male) |
| 22:29 | Build | Stone Wall |
| 22:29 | Queue | Longbowman |
Build order — PUB | Noszombie
First 150 of 264 actions detected
| 0:14 | Research | Loom |
| 0:45 | Queue | Villager (Male) |
| 0:45 | Queue | Villager (Male) |
| 1:12 | Queue | Villager (Male) |
| 1:12 | Queue | Villager (Male) |
| 1:38 | Queue | Villager (Male) |
| 1:54 | Queue | Villager (Male) |
| 1:57 | Build | Lumber Camp |
| 2:19 | Queue | Villager (Male) |
| 2:40 | Queue | Villager (Male) |
| 3:11 | Queue | Villager (Male) |
| 3:17 | Build | House |
| 3:28 | Queue | Villager (Male) |
| 4:00 | Queue | Villager (Male) |
| 4:04 | Queue | Villager (Male) |
| 4:09 | Build | House |
| 4:14 | Build | House |
| 4:38 | Build | Palisade Wall |
| 4:45 | Queue | Villager (Male) |
| 4:54 | Build | Palisade Gate |
| 5:00 | Queue | Villager (Male) |
| 5:21 | Queue | Villager (Male) |
| 5:27 | Queue | Villager (Male) |
| 5:47 | Build | Mill |
| 6:09 | Build | House |
| 6:21 | Queue | Villager (Male) |
| 6:30 | Queue | Villager (Male) |
| 6:44 | Queue | Villager (Male) |
| 6:54 | Queue | Villager (Male) |
| 7:00 | Queue | Villager (Male) |
| 7:03 | Build | Farm |
| 7:07 | Build | Farm |
| 7:11 | Queue | Villager (Male) |
| 7:20 | Queue | Villager (Male) |
| 8:05 | Build | Mining Camp |
| 8:34 | Research | Feudal Age |
| 9:04 | Queue | Villager (Male) |
| 10:54 | Age | Feudal Age |
| 10:56 | Build | Market |
| 10:59 | Build | Blacksmith |
| 11:12 | Research | Double-Bit Axe |
| 11:13 | Queue | Villager (Male) |
| 11:44 | Research | Castle Age |
| 11:44 | Research | Castle Age |
| 11:44 | Research | Castle Age |
| 11:49 | Build | Barracks |
| 12:04 | Research | Horse Collar |
| 12:06 | Build | Farm |
| 12:10 | Build | Farm |
| 12:33 | Build | Farm |
| 12:47 | Queue | Spearman |
| 12:58 | Build | Barracks |
| 13:23 | Research | Gold Mining |
| 14:07 | Queue | Villager (Male) |
| 14:24 | Age | Castle Age |
| 14:28 | Queue | Fire Lancer |
| 14:28 | Queue | Fire Lancer |
| 14:30 | Build | Siege Workshop |
| 14:32 | Queue | Fire Lancer |
| 14:34 | Build | Palisade Wall |
| 14:35 | Build | Palisade Wall |
| 14:37 | Build | Palisade Wall |
| 14:51 | Queue | Villager (Male) |
| 14:57 | Queue | Fire Lancer |
| 14:57 | Queue | Fire Lancer |
| 15:00 | Queue | Villager (Male) |
| 15:08 | Queue | Fire Lancer |
| 15:16 | Queue | Fire Lancer |
| 15:20 | Queue | Villager (Male) |
| 15:39 | Research | Bow Saw |
| 15:43 | Queue | Villager (Male) |
| 15:53 | Build | House |
| 15:59 | Research | Heavy Plow |
| 15:59 | Research | Heavy Plow |
| 16:05 | Build | House |
| 16:10 | Queue | Battering Ram |
| 16:11 | Queue | Fire Lancer |
| 16:12 | Queue | Fire Lancer |
| 16:23 | Queue | Villager (Male) |
| 16:33 | Queue | Fire Lancer |
| 16:38 | Queue | Fire Lancer |
| 16:43 | Queue | Villager (Male) |
| 16:54 | Queue | Villager (Male) |
| 17:04 | Build | Town Center |
| 17:05 | Queue | Villager (Male) |
| 17:22 | Build | House |
| 17:45 | Queue | Villager (Male) |
| 17:54 | Queue | Iron Pagoda |
| 17:54 | Queue | Iron Pagoda |
| 17:56 | Queue | Villager (Male) |
| 18:11 | Build | Mining Camp |
| 18:19 | Queue | Villager (Male) |
| 18:21 | Build | House |
| 18:23 | Queue | Fire Lancer |
| 18:36 | Build | Palisade Wall |
| 18:38 | Build | Palisade Wall |
| 18:43 | Queue | Fire Lancer |
| 18:45 | Queue | Villager (Male) |
| 19:04 | Queue | Villager (Male) |
| 19:09 | Queue | Villager (Male) |
| 19:31 | Queue | Iron Pagoda |
| 19:35 | Build | House |
| 19:38 | Build | House |
| 19:41 | Queue | Fire Lancer |
| 20:05 | Queue | Villager (Male) |
| 20:11 | Build | House |
| 20:17 | Queue | Villager (Male) |
| 20:22 | Queue | Iron Pagoda |
| 20:26 | Build | House |
| 20:32 | Build | Palisade Wall |
| 20:34 | Build | Palisade Wall |
| 20:36 | Build | Palisade Wall |
| 20:44 | Queue | Villager (Male) |
| 20:44 | Queue | Villager (Male) |
| 20:57 | Queue | Fire Lancer |
| 20:57 | Queue | Iron Pagoda |
| 21:23 | Queue | Villager (Male) |
| 21:32 | Build | House |
| 21:35 | Queue | Villager (Male) |
| 21:53 | Build | Town Center |
| 21:57 | Queue | Villager (Male) |
| 22:07 | Build | Outpost |
| 22:09 | Build | Outpost |
| 22:13 | Queue | Villager (Male) |
| 22:14 | Queue | Villager (Male) |
| 22:17 | Build | Farm |
| 22:21 | Build | Farm |
| 22:22 | Build | Farm |
| 22:28 | Research | Town Watch |
| 22:29 | Queue | Villager (Male) |
| 22:29 | Queue | Villager (Male) |
| 22:37 | Build | Outpost |
| 22:39 | Queue | Villager (Male) |
| 22:39 | Queue | Villager (Male) |
| 22:45 | Build | Building 487 |
| 22:48 | Build | Building 673 |
| 23:11 | Queue | Villager (Male) |
| 23:12 | Queue | Iron Pagoda |
| 23:17 | Build | Stone Wall |
| 23:21 | Queue | Villager (Male) |
| 23:23 | Build | Building 673 |
| 23:25 | Build | Stone Wall |
| 23:28 | Queue | Villager (Male) |
| 23:28 | Queue | Villager (Male) |
| 23:31 | Queue | Fire Lancer |
| 23:32 | Queue | Fire Lancer |
| 23:38 | Queue | Villager (Male) |
| 23:50 | Queue | Villager (Male) |
| 23:57 | Queue | Fire Lancer |
| 24:19 | Queue | Villager (Male) |
Build order — Ryuutaku
First 150 of 306 actions detected
| 0:01 | Queue | Villager (Male) |
| 0:02 | Build | House |
| 0:03 | Build | House |
| 0:06 | Queue | Villager (Male) |
| 0:06 | Queue | Villager (Male) |
| 0:07 | Queue | Villager (Male) |
| 0:24 | Queue | Villager (Male) |
| 0:25 | Queue | Villager (Male) |
| 1:29 | Queue | Villager (Male) |
| 1:29 | Queue | Villager (Male) |
| 2:05 | Queue | Villager (Male) |
| 2:06 | Build | Lumber Camp |
| 2:11 | Queue | Villager (Male) |
| 2:11 | Queue | Villager (Male) |
| 2:55 | Queue | Villager (Male) |
| 2:58 | Queue | Villager (Male) |
| 3:40 | Build | House |
| 3:56 | Queue | Villager (Male) |
| 3:56 | Queue | Villager (Male) |
| 4:07 | Queue | Villager (Male) |
| 4:18 | Build | House |
| 4:27 | Queue | Villager (Male) |
| 4:27 | Queue | Villager (Male) |
| 4:49 | Build | Mill |
| 5:00 | Queue | Villager (Male) |
| 5:24 | Queue | Villager (Male) |
| 5:25 | Queue | Villager (Male) |
| 5:43 | Queue | Villager (Male) |
| 5:43 | Queue | Villager (Male) |
| 5:50 | Queue | Villager (Male) |
| 5:50 | Queue | Villager (Male) |
| 6:44 | Queue | Villager (Male) |
| 7:11 | Build | Farm |
| 7:20 | Build | Palisade Wall |
| 7:21 | Build | Palisade Wall |
| 7:29 | Build | House |
| 7:32 | Queue | Villager (Male) |
| 7:41 | Build | Farm |
| 7:44 | Build | Farm |
| 7:50 | Queue | Villager (Male) |
| 8:17 | Queue | Villager (Male) |
| 8:24 | Build | Mining Camp |
| 8:29 | Build | Mining Camp |
| 8:35 | Research | Feudal Age |
| 9:44 | Build | Barracks |
| 10:01 | Queue | Villager (Male) |
| 10:06 | Queue | Villager (Male) |
| 10:49 | Age | Feudal Age |
| 10:52 | Build | Stable |
| 10:55 | Build | Blacksmith |
| 11:14 | Research | Double-Bit Axe |
| 11:31 | Build | Palisade Gate |
| 11:36 | Research | Castle Age |
| 11:37 | Research | Castle Age |
| 12:00 | Queue | Scout Cavalry |
| 12:02 | Build | House |
| 12:03 | Build | House |
| 12:08 | Research | Horse Collar |
| 12:09 | Research | Horse Collar |
| 12:22 | Queue | Scout Cavalry |
| 12:26 | Build | Farm |
| 12:45 | Build | Farm |
| 12:49 | Build | Farm |
| 13:00 | Queue | Scout Cavalry |
| 13:05 | Build | Farm |
| 13:48 | Queue | Spearman |
| 13:49 | Queue | Villager (Male) |
| 14:02 | Age | Castle Age |
| 14:02 | Research | Light Cavalry (upgrade) |
| 14:03 | Research | Light Cavalry (upgrade) |
| 14:10 | Build | Town Center |
| 14:26 | Queue | Spearman |
| 14:27 | Queue | Villager (Male) |
| 14:32 | Build | Farm |
| 14:37 | Queue | Villager (Male) |
| 14:48 | Queue | Villager (Male) |
| 15:02 | Queue | Villager (Male) |
| 15:15 | Queue | Villager (Male) |
| 15:16 | Build | House |
| 15:18 | Build | House |
| 15:29 | Queue | Villager (Male) |
| 15:40 | Queue | Villager (Male) |
| 15:46 | Build | Town Center |
| 16:00 | Queue | Villager (Male) |
| 16:03 | Queue | Villager (Male) |
| 16:06 | Build | Farm |
| 16:12 | Research | Bow Saw |
| 16:12 | Research | Bow Saw |
| 16:16 | Queue | Villager (Male) |
| 16:17 | Queue | Villager (Male) |
| 16:21 | Build | House |
| 16:22 | Build | House |
| 16:23 | Queue | Villager (Male) |
| 16:24 | Queue | Villager (Male) |
| 16:42 | Queue | Villager (Male) |
| 16:55 | Build | Siege Workshop |
| 16:58 | Queue | Villager (Male) |
| 17:00 | Research | Loom |
| 17:00 | Research | Loom |
| 17:01 | Queue | Villager (Male) |
| 17:01 | Queue | Villager (Male) |
| 17:21 | Queue | Villager (Male) |
| 17:24 | Build | Farm |
| 17:33 | Queue | Mangonel |
| 17:35 | Queue | Villager (Male) |
| 17:35 | Queue | Villager (Male) |
| 17:55 | Queue | Villager (Male) |
| 17:55 | Queue | Villager (Male) |
| 18:04 | Build | Farm |
| 18:05 | Build | Farm |
| 18:10 | Queue | Villager (Male) |
| 18:27 | Queue | Villager (Male) |
| 18:28 | Queue | Villager (Male) |
| 18:40 | Queue | Villager (Male) |
| 18:40 | Queue | Villager (Male) |
| 18:43 | Build | Farm |
| 18:56 | Build | House |
| 18:57 | Queue | Villager (Male) |
| 18:59 | Queue | Villager (Male) |
| 18:59 | Queue | Villager (Male) |
| 19:07 | Build | Farm |
| 19:12 | Build | Farm |
| 19:12 | Build | Farm |
| 19:12 | Build | Farm |
| 19:13 | Build | Farm |
| 19:17 | Queue | Villager (Male) |
| 19:17 | Queue | Villager (Male) |
| 19:19 | Build | Lumber Camp |
| 19:22 | Build | Farm |
| 19:22 | Build | Farm |
| 19:24 | Queue | Villager (Male) |
| 19:35 | Build | Farm |
| 19:47 | Build | Farm |
| 19:47 | Queue | Villager (Male) |
| 19:48 | Queue | Villager (Male) |
| 19:50 | Build | Farm |
| 19:57 | Queue | Villager (Male) |
| 20:12 | Queue | Villager (Male) |
| 20:12 | Queue | Villager (Male) |
| 20:17 | Queue | Villager (Male) |
| 20:18 | Queue | Villager (Male) |
| 20:20 | Build | Farm |
| 20:22 | Build | Farm |
| 20:23 | Build | Farm |
| 20:23 | Build | Farm |
| 20:24 | Queue | Villager (Male) |
| 20:24 | Queue | Villager (Male) |
| 20:29 | Queue | Villager (Male) |
| 20:29 | Queue | Villager (Male) |
| 20:32 | Build | Farm |
Match timeline
| 4:17 | jcdanzig · wall_segment Palisade Wall x5 |
| 4:38 | PUB | Noszombie · wall_segment Palisade Wall x5 |
| 4:48 | jcdanzig · wall_segment Palisade Wall x4 |
| 4:59 | 桐月 · wall_segment Palisade Wall x2 |
| 5:00 | 桐月 · wall_segment Palisade Wall x1 |
| 7:20 | Ryuutaku · wall_segment Palisade Wall x1 |
| 7:21 | Ryuutaku · wall_segment Palisade Wall x1 |
| 9:44 | Ryuutaku · first_building Barracks |
| 10:06 | 桐月 · age_up feudal |
| 10:31 | jcdanzig · age_up feudal |
| 10:49 | Ryuutaku · age_up feudal |
| 10:52 | Ryuutaku · first_building Stable |
| 10:54 | PUB | Noszombie · age_up feudal |
| 11:49 | PUB | Noszombie · first_building Barracks |
| 12:54 | PUB | Noszombie · first_market_sell 100 stone |
| 12:54 | PUB | Noszombie · first_market_buy 100 wood |
| 13:46 | 桐月 · age_up castle |
| 13:53 | 桐月 · first_building Monastery |
| 14:02 | Ryuutaku · age_up castle |
| 14:24 | PUB | Noszombie · age_up castle |
| 14:30 | PUB | Noszombie · first_building Siege Workshop |
| 14:34 | PUB | Noszombie · wall_segment Palisade Wall x1 |
| 14:35 | PUB | Noszombie · wall_segment Palisade Wall x1 |
| 14:37 | PUB | Noszombie · wall_segment Palisade Wall x1 |
| 14:47 | jcdanzig · age_up castle |
| 15:23 | jcdanzig · first_building Castle |
| 15:43 | jcdanzig · wall_segment Stone Wall x1 |
| 15:44 | jcdanzig · wall_segment Stone Wall x1 |
| 15:46 | jcdanzig · wall_segment Stone Wall x1 |
| 15:48 | jcdanzig · wall_segment Stone Wall x1 |
| 16:55 | Ryuutaku · first_building Siege Workshop |
| 17:18 | jcdanzig · wall_segment Stone Wall x1 |
| 17:53 | jcdanzig · first_market_sell 100 stone |
| 18:36 | PUB | Noszombie · wall_segment Palisade Wall x1 |
| 18:38 | PUB | Noszombie · wall_segment Palisade Wall x1 |
| 19:01 | jcdanzig · wall_segment Palisade Wall x1 |
| 20:24 | 桐月 · first_building Castle |
| 20:32 | PUB | Noszombie · wall_segment Palisade Wall x1 |
| 20:34 | PUB | Noszombie · wall_segment Palisade Wall x1 |
| 20:36 | PUB | Noszombie · wall_segment Palisade Wall x1 |
| 21:13 | jcdanzig · wall_segment Stone Wall x8 |
| 21:14 | jcdanzig · wall_segment Stone Wall x7 |
| 21:15 | 桐月 · first_market_sell 100 wood |
| 21:19 | jcdanzig · wall_segment Stone Wall x1 |
| 22:14 | 桐月 · first_building Siege Workshop |
| 22:29 | jcdanzig · wall_segment Stone Wall x4 |
| 22:36 | jcdanzig · wall_segment Stone Wall x3 |
| 22:39 | jcdanzig · wall_segment Stone Wall x9 |
| 23:17 | PUB | Noszombie · wall_segment Stone Wall x4 |
| 23:25 | PUB | Noszombie · wall_segment Stone Wall x3 |
| 24:06 | jcdanzig · first_market_buy 100 food |
| 24:13 | jcdanzig · wall_segment Stone Wall x4 |
| 24:28 | jcdanzig · first_building Siege Workshop |
| 24:38 | jcdanzig · wall_segment Stone Wall x2 |
| 25:38 | jcdanzig · wall_segment Stone Wall x1 |
| 25:39 | jcdanzig · wall_segment Stone Wall x1 |
| 25:39 | jcdanzig · wall_segment Stone Wall x2 |
| 25:39 | jcdanzig · wall_segment Stone Wall x1 |
| 27:47 | Ryuutaku · first_building Castle |
| 28:22 | jcdanzig · age_up imperial |
| 28:33 | 桐月 · first_building Barracks |
| 28:53 | PUB | Noszombie · wall_segment Stone Wall x4 |
| 28:54 | PUB | Noszombie · wall_segment Stone Wall x6 |
| 28:56 | PUB | Noszombie · wall_segment Stone Wall x5 |
| 28:57 | PUB | Noszombie · wall_segment Stone Wall x5 |
| 29:17 | Ryuutaku · age_up imperial |
| 29:17 | 桐月 · age_up imperial |
| 29:58 | PUB | Noszombie · wall_segment Stone Wall x1 |
| 30:00 | PUB | Noszombie · wall_segment Stone Wall x1 |
| 30:03 | PUB | Noszombie · wall_segment Stone Wall x1 |
| 30:05 | PUB | Noszombie · wall_segment Stone Wall x1 |
| 30:07 | PUB | Noszombie · wall_segment Stone Wall x1 |
| 30:32 | PUB | Noszombie · wall_segment Stone Wall x1 |
| 30:35 | PUB | Noszombie · wall_segment Stone Wall x1 |
| 30:39 | PUB | Noszombie · wall_segment Stone Wall x1 |
| 30:42 | PUB | Noszombie · wall_segment Stone Wall x1 |
| 31:05 | PUB | Noszombie · first_building Castle |
| 31:35 | PUB | Noszombie · resign |
[ AI ANALYSIS · 1 CREDIT ]
What really happened in this match?
Wolo.gg analyzes every decision: build order, eco, micro, common mistakes by bracket. Personalized analysis on WhatsApp or Discord in 30 seconds.
Civ guide
Hindustanis
Perfil
Jugador #8993542